 Dungeon Crawl Stone Soup version 0.19.5 (webtiles) character file.

15002 Shoikan the Basher (level 11, -19/105 HPs)
             Began as a Minotaur Berserker on Mar 18, 2017.
             Was a High Priest of Trog.
             Demolished by a titanic slime creature (24 damage)
             ... on level 12 of the Dungeon.
             The game lasted 00:57:32 (11181 turns).

Shoikan the Basher (Minotaur Berserker)            Turns: 11181, Time: 00:57:33

Health: -19/105    AC: 18    Str: 22    XL:     11   Next: 96%
Magic:  13/13      EV: 14    Int:  4    God:    Trog [*****.]
Gold:   594        SH:  0    Dex: 17    Spells: 0 memorised, 10 levels left

rFire  + . .     SeeInvis +     x - +11 flail "Embalmer" {venom, rPois rF+ SInv Stlth+}
rCold  + + .     Gourm    +     R - +2 ice dragon scales of Leaves {rPois rF- rC++ rN+ Dex+4}
rNeg   + . .     Faith    .     (no shield)
rPois  +         Spirit   .     (helmet restricted)
rElec  .         Reflect  .     K - +0 cloak
rCorr  .         Harm     .     (no gloves)
MR     +....                    i - +0 pair of boots
Stlth  +.........               E - amulet of the gourmand
                                l - ring of protection from fire
                                M - ring of protection from magic

@: about to teleport
A: retaliatory headbutt, horns 2
a: Berserk, Trog's Hand, Brothers in Arms, Burn Spellbooks, Renounce Religion


You were on level 12 of the Dungeon.
You worshipped Trog.
Trog was extremely pleased with you.
You were completely stuffed.

You visited 2 branches of the dungeon, and saw 13 of its levels.
You also visited: Bailey.

You collected 820 gold pieces.
You spent 226 gold pieces at shops.

Inventory:

Hand Weapons
 u - a +0 flail
 x - the +11 flail "Embalmer" (weapon) {venom, rPois rF+ SInv Stlth+}
   (You bought it in a shop on level 5 of the Dungeon)

   It poisons the flesh of those it strikes.
   It protects you from fire.
   It protects you from poison.
   It lets you see invisible.
   It makes you more stealthy.
 C - a +4 quarterstaff of chaos
Armour
 i - a +0 pair of boots (worn)
 K - a +0 cloak (worn)
 O - a +0 plate armour
 R - the +2 ice dragon scales of Leaves (worn) {rPois rF- rC++ rN+ Dex+4}
   (You found it on level 10 of the Dungeon)

   It affects your dexterity (+4).
   It makes you vulnerable to fire.
   It greatly protects you from cold.
   It protects you from poison.
   It protects you from negative energy.
Jewellery
 b - an uncursed ring of positive energy
 h - an uncursed ring of flight
 l - a ring of protection from fire (right hand)
 y - an uncursed amulet of regeneration
 E - an amulet of the gourmand (around neck)
 H - an uncursed amulet of rage {unknown}
 M - a ring of protection from magic (left hand)
 S - a +2 ring of intelligence {unknown}
 W - a cursed ring of loudness {unknown}
Wands
 m - a wand of iceblast (13/15)
 v - a wand of flame (24/48)
 G - a wand of random effects (23/48)
 I - a wand of flame (26/48)
 L - a wand of lightning (7/15)
Scrolls
 d - a scroll of fog
 e - 2 scrolls of blinking
 k - 5 scrolls of remove curse
 s - a scroll of enchant armour {unknown}
 B - 3 scrolls of enchant weapon
 D - 2 scrolls of teleportation
 J - 2 scrolls of magic mapping {unknown}
 N - a scroll of silence {unknown}
 T - a scroll of acquirement
 Y - a scroll of brand weapon {unknown}
 Z - a scroll of amnesia {unknown}
Potions
 a - 5 potions of might
 f - 3 potions of cure mutation
 j - 3 potions of magic
 n - 6 potions of curing
 p - 2 potions of brilliance {unknown}
 q - a potion of beneficial mutation {unknown}
 r - a potion of berserk rage {unknown}
 t - 2 potions of resistance
 z - 2 potions of ambrosia {unknown}
 A - 2 potions of flight {unknown}
 F - 2 potions of agility
 Q - a potion of cancellation {unknown}
 U - a potion of heal wounds
Comestibles
 c - 6 bread rations
 g - 8 fruits
 o - 8 beef jerkies
 w - 5 meat rations
 V - 8 royal jellies


   Skills:
 + Level 12.3 Fighting
 - Level 14.0 Maces & Flails
 + Level 11.6 Armour
 + Level 6.0 Dodging
 * Level 4.0 Evocations


You had 10 spell levels left.
You didn't know any spells.

Dungeon Overview and Level Annotations

Branches:
Dungeon (12/15)            Temple (1/1) D:5            Lair (0/6) D:11
    Orc (0/2) D:9

Altars:
Ashenzari
Cheibriados
Dithmenos
Elyvilon
Fedhas
Gozag
Hepliaklqana
Kikubaaqudgha
Makhleb
Nemelex Xobeh
Okawaru
Qazlal
Ru
Sif Muna
Trog
Uskayaw
Vehumet
Xom
Yredelemnul
Zin
The Shining One

Shops:
D:5 (   D:6 ([%*:

Portals:
Trove: D:12 (give 17 scrolls of identify)


Innate Abilities, Weirdness & Mutations

You reflexively headbutt those who attack you in melee.
You have a pair of horns on your head.


Message History

You bludgeon the titanic slime creature!!
You headbutt the titanic slime creature!
The titanic slime creature is moderately wounded.
The titanic slime creature closely misses you.
You hit the titanic slime creature.
The titanic slime creature is poisoned.
You headbutt the titanic slime creature, but do no damage.
The titanic slime creature is moderately wounded.
The titanic slime creature hits you!!!
Ouch! That really hurt!
You sock the titanic slime creature!
You headbutt the titanic slime creature!
The titanic slime creature is moderately wounded.
You hit the titanic slime creature.
The titanic slime creature is moderately wounded.
The titanic slime creature hits you!!
* * * LOW HITPOINT WARNING * * *
Unknown command.
As you read the scroll of teleportation, it crumbles to dust.
You feel strangely unstable. The titanic slime creature hits you!!
You die...

#.# #...# #.# .
#.(.# #.# .. #.!.#
#####.## ... #...#
#....... .... #...#
#.###.## .....
#...# #.# #.##
.....o###########.#
#.##
....oJJ@..........#
#.##
....oo#############
#.## ..... #...#
#.## .... #...#
#... ... #...#
#####... .. #...#
#....... ? #...#
#####... #...# #...
#...


You could see a titanic slime creature, a slime creature, an orc wizard
(invisible) and 3 orcs.

Vanquished Creatures
  The ghost of Exporg the Basher, a journeyman MiFi of Trog (D:10)
  An unseen horror (D:10)
  3 orc knights (Bailey)
  A hill giant (D:11)
  A cyclops (D:12)
  4 centaur zombies
  3 gargoyles
  A kobold demonologist (Bailey)
  A komodo dragon (D:12)
  A troll (D:9)
  A queen bee (D:8)
  Prince Ribbit (D:7)
  A hippogriff (D:9)
  Grinder (D:6)
  Sigmund (D:4)
  A shadow (D:11)
  Grum (D:10)
  3 hungry ghosts
  Menkaure (D:4)
  A mottled dragon (D:11)
  2 wargs (D:11)
  Edmund (D:6)
  9 orc warriors
  A hornet zombie (D:9)
  2 sky beasts
  5 phantoms
  2 black bears
  3 ice beasts
  2 wolves (D:10)
  2 centaurs
  4 ogres
  A crocodile (D:9)
  6 bullfrogs
  2 big kobolds
  A wyvern zombie (D:7)
  2 scorpions
  14 killer bees
  6 howler monkeys
  4 electric eels (Bailey)
  5 crimson imps
  3 jellies
  9 hounds
  3 orc priests (D:6)
  Crazy Yiuf (D:6)
  13 orc wizards
  2 iguanas (D:6)
  2 worker ants
  3 hound skeletons
  A worker ant zombie (D:5)
  Robin (D:4)
  13 gnolls
  8 adders
  5 shadow imps
  2 adder skeletons
  4 worms
  2 dart slugs
  4 leopard geckos
  47 orcs
  6 giant cockroaches
  23 goblins
  20 hobgoblins
  3 jackals (D:2)
  16 kobolds
  A quokka (D:2)
  A ball python (D:2)
  10 bats
  6 rats
312 creatures vanquished.

Vanquished Creatures (collateral kills)
  An ugly thing (D:11)
  An orc sorcerer (Bailey)
  An orc warrior (Bailey)
  4 orc priests (D:11)
  2 orcs (D:11)
9 creatures vanquished.

Vanquished Creatures (others)
  A goblin (Bailey)
1 creature vanquished.

Grand Total: 322 creatures vanquished

Notes
Turn   | Place    | Note
-------+----------+-------------------------------------------
     0 | D:1      | Shoikan the Minotaur Berserker began the quest for the Orb.
     0 | D:1      | Reached XP level 1. HP: 19/19 MP: 0/0
   336 | D:1      | Reached skill level 4 in Maces & Flails
   336 | D:1      | Reached XP level 2. HP: 26/27 MP: 1/1
   982 | D:2      | Reached XP level 3. HP: 22/33 MP: 2/2
  1186 | D:2      | Reached ** piety under Trog
  1334 | D:2      | Found a stormy altar of Qazlal.
  1339 | D:2      | Found a blossoming altar of Fedhas.
  1491 | D:2      | Reached XP level 4. HP: 40/41 MP: 3/3
  1585 | D:2      | Reached skill level 5 in Maces & Flails
  2001 | D:3      | Reached XP level 5. HP: 41/47 MP: 4/4
  2074 | D:3      | Found a shattered altar of Ashenzari.
  2139 | D:3      | Reached *** piety under Trog
  2233 | D:3      | Found a faded altar of an unknown god.
  2458 | D:3      | Reached skill level 6 in Maces & Flails
  2855 | D:4      | Noticed an ogre
  2865 | D:4      | Killed an ogre
  2865 | D:4      | Reached XP level 6. HP: 53/55 MP: 5/5
  2968 | D:4      | Noticed Robin
  2988 | D:4      | Killed Robin
  2988 | D:4      | Reached skill level 5 in Fighting
  3112 | D:4      | Found an iron altar of Okawaru.
  3184 | D:4      | Found a bloodstained altar of Trog.
  3261 | D:4      | Noticed Menkaure
  3266 | D:4      | Killed Menkaure
  3266 | D:4      | Reached skill level 7 in Maces & Flails
  3510 | D:4      | Found a burning altar of Makhleb.
  3532 | D:4      | Reached XP level 7. HP: 61/61 MP: 6/6
  3629 | D:4      | Noticed Sigmund
  3638 | D:4      | Killed Sigmund
  3638 | D:4      | Reached skill level 8 in Maces & Flails
  3738 | D:5      | Entered Level 5 of the Dungeon
  3794 | D:5      | Reached skill level 5 in Armour
  4146 | D:5      | Reached skill level 9 in Maces & Flails
  4146 | D:5      | Reached XP level 8. HP: 46/70 MP: 7/7
  4147 | D:5      | Found a staircase to the Ecumenical Temple.
  4388 | D:5      | Found Lis Edap's Antique Weapon Shoppe.
  4472 | Temple   | Entered the Ecumenical Temple
  4780 | D:5      | Bought a bloodstained flail for 170 gold pieces
  4780 | D:5      | Identified the +11 flail "Embalmer" {venom, rPois rF+ SInv Stlth+} (You bought it in a shop on level 5 of the Dungeon)
  4873 | D:6      | Found a bloodstained altar of Trog.
  4920 | D:6      | Reached **** piety under Trog
  4952 | D:6      | Found a runed door.
  5000 | D:6      | Noticed Grinder
  5005 | D:6      | Killed Grinder
  5005 | D:6      | Reached skill level 10 in Maces & Flails
  5140 | D:6      | Found Ovion's General Store.
  5175 | D:6      | Bought a potion of agility for 56 gold pieces
  5182 | D:6      | Noticed Edmund
  5190 | D:6      | Killed Edmund
  5320 | D:6      | Reached XP level 9. HP: 57/79 MP: 8/8
  5333 | D:6      | Found Hoxyt's Weapon Shoppe.
  5347 | D:6      | Found Dyogasel's Food Boutique.
  5422 | D:6      | Found Kouti's Antique Armour Emporium.
  5536 | D:6      | Found Vaf Taonu's Book Boutique.
  5672 | D:6      | Noticed Crazy Yiuf
  5677 | D:6      | Killed Crazy Yiuf
  5755 | D:7      | Reached skill level 11 in Maces & Flails
  6039 | D:7      | Found a shadowy altar of Dithmenos.
  6039 | D:7      | Found a radiant altar of Vehumet.
  6040 | D:7      | Found an opulent altar of Gozag.
  6054 | D:7      | Noticed Prince Ribbit
  6063 | D:7      | Killed Prince Ribbit
  6090 | D:7      | You fall through a shaft for 2 floors!
  6092 | D:9      | Noticed a troll
  6104 | D:9      | Killed a troll
  6124 | D:9      | Found a staircase to the Orcish Mines.
  6172 | D:9      | Reached skill level 12 in Maces & Flails
  6253 | D:9      | Reached ***** piety under Trog
  6380 | D:9      | Found a white marble altar of Elyvilon.
  6464 | D:9      | Found a basalt altar of Yredelemnul.
  6496 | D:9      | Found a flagged portal.
  6513 | Bailey   | Entered a bailey
  6527 | Bailey   | Noticed an orc knight
  6539 | Bailey   | Killed an orc knight
  6539 | Bailey   | Reached XP level 10. HP: 12/90 MP: 9/9
  6670 | Bailey   | Found an iron altar of Okawaru.
  6670 | Bailey   | Noticed an orc sorcerer
  6679 | Bailey   | Killed an orc sorcerer
  6736 | Bailey   | Noticed an orc knight
  6757 | Bailey   | Killed an orc knight
  6757 | Bailey   | Reached skill level 13 in Maces & Flails
  7070 | Bailey   | Noticed an orc knight
  7081 | Bailey   | Killed an orc knight
  7081 | Bailey   | Reached skill level 10 in Armour
  7789 | D:8      | Found a shimmering altar of Xom.
  7789 | D:8      | Found an iron altar of Okawaru.
  7982 | D:8      | Reached skill level 10 in Fighting
  8259 | D:8      | Reached XP level 11. HP: 96/99 MP: 10/10
  8265 | D:8      | Reached skill level 5 in Dodging
  8841 | D:7      | Received a gift from Trog
  9013 | D:10     | Entered Level 10 of the Dungeon
  9031 | D:10     | Noticed an unseen horror
  9040 | D:10     | Killed an unseen horror
  9050 | D:10     | Noticed Grum
  9065 | D:10     | Killed Grum
  9126 | D:10     | Reached skill level 14 in Maces & Flails
  9178 | D:10     | Got scorched ice dragon scales
  9184 | D:10     | Identified the +2 ice dragon scales of Leaves {rPois rF- rC++ rN+ Dex+4} (You found it on level 10 of the Dungeon)
  9251 | D:10     | Noticed Exporg's ghost (journeyman MiFi)
  9259 | D:10     | Killed Exporg's ghost
  9259 | D:10     | Reached skill level 1 in Evocations
 10183 | D:11     | Noticed a white ugly thing
 10198 | D:11     | Killed a white ugly thing
 10247 | D:11     | Found a staircase to the Lair.
 10256 | D:11     | Noticed a hill giant
 10261 | D:11     | Killed a hill giant
 10979 | D:12     | Found a portal to a secret trove of treasure.
 11180 | D:12     | HP: 5/105 [titanic slime creature (30)]
 11181 | D:12     | Demolished by a titanic slime creature

Skill      XL: |  1  2  3  4  5  6  7  8  9 10 11 |
---------------+----------------------------------+-----
Maces & Flails | 4 5 6 7 9 10 12 13 14 | 14.0
Fighting       | 4 5 6 7 8 10 12 | 12.3
Dodging        | 3 4 6 |  6.0
Armour         | 3 4 5 6 8 10 11 | 11.6
Evocations     | 4 |  4.0

Action                   |  1- 3 |  4- 6 |  7- 9 | 10-12 || total
-------------------------+-------+-------+-------+-------++-------
Melee: Mace              |    70 |    93 |       |       ||   163
       Headbutt          |    12 |    23 |    44 |    77 ||   156
       Flail             |       |    51 |   258 |   347 ||   656
Invok: Berserk           |       |     2 |     1 |     3 ||     6
       Brothers in Arms  |       |       |       |     2 ||     2
       Burn Spellbooks   |       |       |       |     2 ||     2
  Use: Scroll            |     4 |       |       |    11 ||    15
       Potion            |       |       |       |     2 ||     2
 Stab: Sleeping          |     1 |       |       |     1 ||     2
  Eat: Chunk             |     2 |     7 |    12 |    25 ||    46
       Bread ration      |       |       |       |     1 ||     1
Armor: Animal skin       |    17 |       |       |       ||    17
       Ring mail         |       |    10 |       |    39 ||    49
       Chain mail        |       |    40 |    98 |    25 ||   163
       Ice dragon scales |       |       |       |    35 ||    35
Dodge: Dodged            |    54 |    98 |   121 |   210 ||   483
